 Dungeon Crawl Stone Soup version 0.29.1-15-g9cfb28693d (webtiles) character file.

Game seed: 7004217497401126374

29499 growler the Stormcaller (level 13, 0/88 HPs)
             Began as a Tengu Air Elementalist on Apr 3, 2023.
             Was an Elder of Vehumet.
             Slain by a killer bee (4 damage)
             ... on level 2 of the Lair of Beasts.
             The game lasted 00:56:17 (18321 turns).

growler the Stormcaller (Tengu Air Elementalist)   Turns: 18321, Time: 00:56:17

Health: 0/88       AC:  6    Str:  8    XL:     13   Next: 45%
Magic:  16/25      EV: 14    Int: 28    God:    Vehumet [****..]
Gold:   1174       SH:  0    Dex: 14    Spells: 17/27 levels left

rFire   . . .      SeeInvis .   m - staff of air
rCold   . . .      Faith    .   (no shield)
rNeg    . . .      Spirit   .   y - +0 steam dragon scales
rPois   +          Reflect  .   (helmet restricted)
rElec   +          Harm     .   (no cloak)
rCorr   .          Rampage  .   l - +0 pair of gloves
Will    .....                   (boots unavailable)
Stlth   ++........              K - amulet of magic regeneration
HPRegen 0.24/turn               v - ring of poison resistance
MPRegen 0.59/turn               P - +6 ring of intelligence

@: flying quickly and evasively, quick
A: beak, talons 3, nimble flight
a: Renounce Religion


You were on level 2 of the Lair of Beasts.
You worshipped Vehumet.
Vehumet was greatly pleased with you.
You visited 3 branches of the dungeon, and saw 14 of its levels.
You also visited: Sewer and Ossuary.

You collected 1174 gold pieces.

Inventory:

Armour
 a - a +0 robe
 l - a +0 pair of gloves (worn)
 x - a scarf of invisibility
 y - +0 steam dragon scales (worn)
 L - a +0 cloak
Magical Staves
 m - a staff of air (weapon)
Jewellery
 c - a ring of positive energy
 v - a ring of poison resistance (left hand)
 I - a ring of fire
 K - an amulet of magic regeneration (around neck)
 P - a +6 ring of intelligence (right hand)
 Q - a ring of resist corrosion
 R - an amulet of guardian spirit
 S - a ring of protection from cold
 V - a ring of fire
Wands
 C - a wand of digging (4)
 D - a wand of flame (42)
 F - a wand of polymorph (12)
 G - a wand of paralysis (9)
 N - a wand of iceblast (1)
 T - a wand of mindburst (7)
Scrolls
 f - 3 scrolls of teleportation
 h - 5 scrolls of vulnerability {unknown}
 i - 2 scrolls of immolation
 j - 6 scrolls of identify
 k - 2 scrolls of magic mapping
 n - 3 scrolls of poison
 p - 3 scrolls of fear
 q - a scroll of enchant weapon {unknown}
 t - 2 scrolls of summoning {unknown}
 w - a scroll of brand weapon {unknown}
 E - 2 scrolls of amnesia {unknown}
 H - a scroll of enchant armour {unknown}
 M - 2 scrolls of fog {unknown}
 W - a scroll of torment {unknown}
Potions
 b - a potion of magic
 d - 9 potions of curing
 e - 5 potions of lignification
 g - 6 potions of mutation
 o - 6 potions of brilliance {unknown}
 r - 3 potions of berserk rage {unknown}
 s - 4 potions of attraction {unknown}
 u - a potion of degeneration {unknown}
 z - 2 potions of haste {unknown}
 A - 2 potions of cancellation {unknown}
 B - a potion of invisibility {unknown}
 J - 3 potions of flight {unknown}
 O - 2 potions of ambrosia {unknown}
 U - 2 potions of heal wounds {unknown}


   Skills:
 + Level 13.3 Fighting
 - Level 2.1 Dodging
 - Level 2.0 Stealth
 + Level 7.6 Spellcasting
 - Level 12.0 Conjurations
 + Level 17.8 Air Magic


You had 17 spell levels left.
You knew the following spells:

 Your Spells              Type           Power      Damage    Failure   Level
a - Shock                 Conj/Air       100%       1d9       0%          1
b - Static Discharge      Conj/Air       96%        3-15/arc  0%          2
c - Swiftness             Air            100%       N/A       0%          3
d - Airstrike             Air            52%        2d(8-24)  1%          4

Your spell library contained the following spells:

 Spells                   Type           Power      Damage    Failure   Level
 Freezing Cloud           Conj/Ice/Air   39%        6-21      1%          5
 Magic Dart               Conj           100%       1d8       1%          1
 Poisonous Vapours        Pois/Air       100%       N/A       1%          2
 Searing Ray              Conj           100%       2d8       1%          2
 Fulminant Prism          Conj/Hex       22%        3d13      1%          4
 Beastly Appendage        Tmut           20%        N/A       4%          1
 Corpse Rot               Necr/Pois/Air  60%        N/A       4%          4
 Wereblood                Tmut           10%        N/A       8%          2
 Gell's Gravitas          Tloc           10%        N/A       16%         3
 Ozocubu's Armour         Ice            10%        N/A       16%         3
 Spider Form              Tmut/Pois      10%        N/A       16%         3
 Teleport Other           Tloc           10%        N/A       16%         3
 Cause Fear               Hex            5%         N/A       45%         4
 Dispersal                Tloc           5%         N/A       100%        6
 Dragon Form              Tmut           5%         N/A       100%        7
 Ozocubu's Refrigeration  Ice            5%         4d8       100%        7
 Dragon's Call            Summ           5%         N/A       100%        9


Dungeon Overview and Level Annotations

Branches:
Dungeon (11/15)            Temple (1/1) D:7            Lair (2/5) D:9
 Shoals (0/4) Lair:2        Snake (0/4) Lair:2          Orc (0/2) D:10
  Sewer (visited)         Ossuary (visited)

Altars:
Ashenzari
Cheibriados
Dithmenos
Fedhas
Gozag
Hepliaklqana
Kikubaaqudgha
Okawaru
Qazlal
Sif Muna
Trog
Vehumet
Xom
Yredelemnul

Shops:
D:7 (   D:9 !!*

Annotations:
D:8 Gastronok, Maurice
D:9 3 runed translucent doors, SuperSeabass's ghost, novice MeAE


Innate Abilities, Weirdness & Mutations

You have a beak for a mouth.
You have claws for feet.
Your magical nature lets you fly swiftly and evasively.


Message History

The death yak gores you!!
Casting: Airstrike (safe; 1% risk of failure)
Confirm with . or Enter, or press ? or * to list all spells.
Aiming: Airstrike (safe; 1% risk of failure)
Press: ? - help, Dir - move target, f/p - death yak
Aim: a death yak (almost dead, empty space bonus: 7/8)
You feel a surge of power!
The air twists around and strikes the death yak.
The death yak is almost dead.
The death yak gores you!!
* * * LOW HITPOINT WARNING * * *
Casting: Airstrike (safe; 1% risk of failure)
Confirm with . or Enter, or press ? or * to list all spells.
Aiming: Airstrike (safe; 1% risk of failure)
Press: ? - help, Dir - move target, f/p - death yak
Aim: a death yak (almost dead, empty space bonus: 7/8)
You feel a surge of power!
The air twists around and strikes the death yak!
You kill the death yak!
Vehumet accepts your kill.
You feel your power returning.
The yak bellows!
You see here a +0 club.
Found a stone staircase leading up.
The killer bee buzzes angrily.
Found a sapphire potion.
Unknown command.
The killer bee stings you.
* * * LOW HITPOINT WARNING * * *
Casting: Airstrike (safe; 1% risk of failure)
Confirm with . or Enter, or press ? or * to list all spells.
You feel a surge of power!
The killer bee is struck by an arc of lightning.
The killer bee is lightly wounded.
You resist.
You are struck by an arc of lightning.
* * * LOW HITPOINT WARNING * * *
The lightning grounds out.
The killer bee stings you.
* * * LOW HITPOINT WARNING * * *
The killer bee stings you.
You die...

..........♣.♣..♣.##i
..............♣♣♣♣....##
..............♣♣♣.♣....♣
..............♣..♣..♣...
........#......♣.♣.♣♣♣..
.........#........♣♣♣.♣♣
.......<.............♣♣♣
......................♣♣
.......@.............#..
...!....y.........#.#...
..................###...
..#.####............###.
P # #Y....#..y..####.
##.........##♣♣..
##Y........#♣....
##..........#.~♣♣.
#...........#♣.♣..


You could see a death yak, a yak and a killer bee.

Vanquished Creatures
  Harold (Lair:2)
  A hydra (D:11)
  A boulder beetle (Lair:2)
  Erica (D:11)
  A catoblepas (Lair:1)
  A two-headed ogre (D:10)
  A tengu warrior (D:11)
  4 death yaks (Lair:2)
  Sonja (D:11)
  Amaemon (Lair:2)
  A deep elf pyromancer (D:10)
  Joseph (D:8)
  A merfolk siren (Lair:2)
  3 elephants (Lair:1)
  An orange demon (Lair:2)
  3 cane toads
  An unseen horror zombie (D:9)
  A kobold demonologist (D:10)
  2 komodo dragons
  2 trolls
  8 blink frogs (Lair:2)
  A hornet (D:7)
  Grinder (D:6)
  Prince Ribbit (D:7)
  A shadow (D:10)
  5 wyverns
  A vampire (D:10)
  44 yaks
  2 steam dragons
  A basilisk (Lair:1)
  2 nagas (Lair:2)
  15 water moccasins
  8 orc warriors
  4 black bears
  10 centaurs
  3 phantoms (D:7)
  9 bullfrogs
  3 scorpions
  A necrophage (D:7)
  A gnoll sergeant (D:10)
  38 killer bees
  3 howler monkeys
  2 hounds (D:7)
  A jelly (D:6)
  A gnoll bouda (D:9)
  5 orc priests
  5 iguanas
  7 orc wizards
  8 mummies (Ossuary)
  A howler monkey zombie (D:9)
  6 gnolls
  10 adders
  A white imp (D:6)
  An ufetubus (D:6)
  3 worms (D:5)
  A dart slug (D:4)
  35 orcs
  7 ball pythons
  4 bats
  12 endoplasms
  14 giant cockroaches
  2 gnoll zombies (Ossuary)
  5 hobgoblins
  3 jackals (D:3)
  7 quokkas
  13 frilled lizards
  5 goblins
  2 hobgoblin zombies (Ossuary)
  4 kobolds
  A kobold zombie (Ossuary)
  3 orc zombies (Ossuary)
  7 rats
  A spectral goblin (D:4)
368 creatures vanquished.

Vanquished Creatures (others)
  15 fungi
  35 plants
50 creatures vanquished.

Grand Total: 418 creatures vanquished

Notes
Turn   | Place    | Note
-------+----------+-------------------------------------------
     0 | D:1      | growler the Tengu Air Elementalist began the quest for the
                  | Orb.
     0 | D:1      | Reached XP level 1. HP: 10/10 MP: 4/4
    94 | D:1      | Found a faded altar of an unknown god.
   388 | D:1      | Reached XP level 2. HP: 15/15 MP: 0/6
   463 | D:1      | Learned a level 2 spell: Static Discharge
  1308 | D:2      | Reached XP level 3. HP: 19/19 MP: 1/7
  1679 | D:2      | Learned a level 3 spell: Swiftness
  2272 | D:3      | Reached XP level 4. HP: 24/24 MP: 6/9
  2344 | D:3      | Reached skill level 5 in Air Magic
  2517 | D:3      | Noticed a black bear
  2560 | D:3      | Found a shimmering blue altar of Sif Muna.
  2732 | D:3      | Found an ancient bone altar of Kikubaaqudgha.
  3128 | D:3      | Killed a black bear
  3129 | D:3      | Gained mutation: Your magical nature lets you fly swiftly
                  | and evasively. [Tengu growth]
  3129 | D:3      | Reached XP level 5. HP: 28/28 MP: 7/11
  3170 | D:3      | Learned a level 4 spell: Airstrike
  3237 | D:4      | Noticed a black bear
  3246 | D:4      | Killed a black bear
  3247 | D:4      | Reached skill level 6 in Air Magic
  3247 | D:4      | Reached XP level 6. HP: 32/32 MP: 5/12
  3298 | D:4      | Found a hazy altar of Hepliaklqana.
  3309 | D:4      | Found a shadowy altar of Dithmenos.
  3336 | D:4      | Found an iron altar of Okawaru.
  3403 | D:4      | Found a sand-covered staircase.
  3413 | Ossuary  | Entered an ossuary
  3644 | Ossuary  | Reached skill level 5 in Conjurations
  4438 | D:4      | Noticed an orc warrior
  4444 | D:4      | Killed an orc warrior
  4445 | D:4      | Reached XP level 7. HP: 33/36 MP: 5/14
  4527 | D:4      | Reached skill level 7 in Air Magic
  4796 | D:5      | Entered Level 5 of the Dungeon
  4901 | D:5      | Found a glowing drain.
  4946 | Sewer    | Entered a sewer
  5290 | Sewer    | Reached skill level 5 in Spellcasting
  5290 | Sewer    | Reached skill level 8 in Air Magic
  5709 | D:5      | Reached XP level 8. HP: 40/41 MP: 11/16
  6340 | D:6      | Reached skill level 9 in Air Magic
  6543 | D:6      | Reached skill level 10 in Air Magic
  6824 | D:6      | Noticed Grinder
  6829 | D:6      | Killed Grinder
  6830 | D:6      | Reached skill level 11 in Air Magic
  7270 | D:7      | Found Dexzivvu's Weapon Shoppe.
  7316 | D:7      | Reached skill level 12 in Air Magic
  7316 | D:7      | Reached skill level 1 in Fighting
  7316 | D:7      | Reached XP level 9. HP: 47/47 MP: 8/17
  7439 | D:7      | Found a bloodstained altar of Trog.
  7717 | D:7      | Found a staircase to the Ecumenical Temple.
  7729 | Temple   | Entered the Ecumenical Temple
  7821 | Temple   | Became a worshipper of Vehumet
  7952 | D:7      | Noticed a hornet
  7957 | D:7      | Killed a hornet
  8182 | D:7      | Noticed Prince Ribbit
  8399 | D:7      | Found Dexzivvu's Weapon Shoppe.
  8418 | D:7      | Killed Prince Ribbit
  8534 | D:7      | Found a bloodstained altar of Trog.
  8766 | D:7      | Found a staircase to the Ecumenical Temple.
  9011 | D:8      | Reached skill level 13 in Air Magic
  9251 | D:8      | Noticed Gastronok
  9252 | D:8      | Noticed Maurice
  9872 | D:8      | Noticed Joseph
  9877 | D:8      | Killed Joseph
  9878 | D:8      | Reached XP level 10. HP: 29/58 MP: 13/20
 10062 | D:8      | Found a broken altar of Ashenzari.
 10062 | D:8      | Found a shimmering altar of Xom.
 10073 | D:8      | Found a snail-covered altar of Cheibriados.
 10075 | D:8      | Found an opulent altar of Gozag.
 10158 | D:8      | Reached skill level 5 in Fighting
 10481 | D:9      | Reached skill level 14 in Air Magic
 10914 | D:9      | Reached * piety under Vehumet
 10914 | D:9      | Offered knowledge of Foxfire by Vehumet.
 11220 | D:9      | Found a staircase to the Lair.
 11271 | D:9      | Found Taitufez's Distillery.
 11339 | D:9      | Found Nemiad's Assorted Antiques.
 11676 | D:9      | Found a runed translucent gate.
 11676 | D:9      | Found a runed translucent gate.
 11676 | D:9      | Found a runed translucent gate.
 11676 | D:9      | Noticed SuperSeabass's ghost (novice MeAE)
 11678 | D:9      | Found a basalt altar of Yredelemnul.
 11689 | D:9      | Reached skill level 15 in Air Magic
 11807 | D:9      | Found Deaxukh's Distillery.
 12073 | D:10     | Entered Level 10 of the Dungeon
 12096 | D:10     | Noticed a kobold demonologist
 12098 | D:10     | Killed a kobold demonologist
 12099 | D:10     | Reached XP level 11. HP: 68/68 MP: 13/22
 12101 | D:10     | Noticed a two-headed ogre
 12132 | D:10     | Killed a two-headed ogre
 12728 | D:10     | Noticed a deep elf pyromancer
 12730 | D:10     | Killed a deep elf pyromancer
 12997 | D:10     | Reached skill level 16 in Air Magic
 13643 | D:10     | Reached ** piety under Vehumet
 13643 | D:10     | Offered knowledge of Scorch by Vehumet.
 13711 | D:10     | Found a staircase to the Orcish Mines.
 14029 | D:11     | Noticed a tengu warrior
 14043 | D:11     | Killed a tengu warrior
 14324 | D:11     | Noticed Erica
 14331 | D:11     | Killed Erica
 14723 | D:11     | Reached skill level 10 in Fighting
 14902 | D:11     | Noticed Sonja
 14905 | D:11     | Killed Sonja
 14906 | D:11     | Reached skill level 10 in Conjurations
 14906 | D:11     | Reached XP level 12. HP: 77/77 MP: 9/23
 15005 | D:11     | Noticed a six-headed hydra
 15009 | D:11     | Killed a six-headed hydra
 15080 | D:11     | Identified the +8 halberd of Makhleb's Inspiration {vorpal,
                  | rF+ rN+++ Will- Dex-2}
 15264 | Lair:1   | Entered Level 1 of the Lair of Beasts
 15286 | Lair:1   | Offered knowledge of Conjure Flame by Vehumet.
 15453 | Lair:1   | Noticed a catoblepas
 15460 | Lair:1   | Killed a catoblepas
 15730 | Lair:1   | Reached *** piety under Vehumet
 16636 | Lair:2   | Noticed a boulder beetle
 16645 | Lair:2   | Killed a boulder beetle
 16645 | Lair:2   | Offered knowledge of Flame Wave by Vehumet.
 16849 | Lair:2   | Found a staircase to the Shoals.
 16874 | Lair:2   | Noticed a death yak
 16874 | Lair:2   | Noticed a death yak
 16874 | Lair:2   | Noticed Amaemon
 17229 | Lair:2   | Reached XP level 13. HP: 87/87 MP: 15/24
 17247 | Lair:2   | Found a staircase to the Snake Pit.
 17276 | Lair:2   | Reached **** piety under Vehumet
 17298 | Lair:2   | Reached skill level 17 in Air Magic
 17540 | Lair:2   | Offered knowledge of Freezing Cloud by Vehumet.
 17693 | Lair:2   | Noticed Harold
 17698 | Lair:2   | Killed Harold
 17883 | Lair:2   | Killed Amaemon
 18321 | Lair:2   | HP: 4/88 [killer bee (3)]
 18321 | Lair:2   | Slain by a killer bee

Illustrated notes

Levels and vault maps discovered:
D:1:      minmay_arrival_wavy_path, layout_basic,
          ebering_ecumenical_altar_abandoned, grunt_decor_junction
D:2:      minmay_angry_zag, layout_loops_ring, guppyfry_early_lair_pool
D:3:      layout_basic, kiku_gazebo_pond_becter,
          mainiacjoe_overflow_small_starburst, hangedman_decor_lopped,
          chequers_serial_rivers_small_a, moated_statue,
          kennysheep_generic_room_10
D:4:      cheibrodos_pilgrimage, layout_basic,
          nicolae_hepliaklqana_monster_ancestors,
          nicolae_dithmenos_the_darkroom, mainiacjoe_overflow_paths,
          enter_ossuary_1, st_stairs_13
D:5:      layout_cave_pods, cheibrodos_sewer_entry_bend
D:6:      layout_rooms, uniq_grinder
D:7:      layout_loops_ring, trog_butcher_becter, minmay_temple_entry_glass,
          serial_shops, nicolae_shop_bloodbath_and_beyond, uniq_prince_ribbit1
D:8:      layout_basic, nicolae_gozag_cash_rules_everything_around_me,
          kennysheep_mini_moat, gammafunk_temple_overflow_statue, uniq_joseph,
          uniq_gastronok, uniq_maurice
D:9:      layout_roguey, nicolae_yredelemnul_ghost_church,
          minmay_lair_entry_grove, serial_shops,
          nicolae_shop_temple_entry_statues_fountains, nicolae_shop_trees,
          nicolae_shop_temple_entry_statues_fountains
D:10:     layout_irregular_city, david_orc_4, grunt_ministairs_7
D:11:     layout_cave_pools, uniq_sonja, uniq_erica
Temple:   minmay_temple_curvy_loop
Lair:1:   layout_regular_city, serial_bayou_shore_b
Lair:2:   wad_woods_minihive, layout_hall_layers,
          minmay_shoals_entry_lonely_mermaid, guppyfry_snake_entry_garden,
          lightli_volcano_entry_magma_tube, uniq_amaemon, uniq_harold

Skill      XL: |  1  2  3  4  5  6  7  8  9 10 11 12 13 |
---------------+----------------------------------------+-----
Conjurations   | 2 3 4 5 6 10 12 | 12.0
Air Magic      | 5 6 8 12 13 15 16 17 | 17.8
Spellcasting   | 3 4 5 6 7 |  7.6
Fighting       | 1 4 7 10 12 13 | 13.3
Dodging        | |  2.1
Stealth        | |  2.0

Action                   |  1- 3 |  4- 6 |  7- 9 | 10-12 | 13-15 || total
-------------------------+-------+-------+-------+-------+-------++-------
Melee: Unarmed           |     4 |       |       |       |       ||     4
       Kick              |     2 |     8 |     4 |     5 |     4 ||    23
       Staff             |       |    13 |    17 |    15 |    14 ||    59
       Peck              |       |     1 |     6 |     5 |     1 ||    13
 Cast: Shock             |    66 |    56 |    39 |    19 |       ||   180
       Static Discharge  |     3 |    16 |    57 |    75 |    25 ||   176
       Airstrike         |       |       |    43 |   158 |    50 ||   251
Evoke: Wand              |       |       |       |     2 |       ||     2
  Use: Scroll            |       |     5 |     5 |     1 |       ||    11
 Stab: Sleeping          |       |     1 |     1 |       |       ||     2
Armor: Robe              |     4 |     3 |     6 |       |       ||    13
       Steam dragon scal |       |       |     2 |    12 |     6 ||    20
Dodge: Dodged            |    20 |    10 |    43 |    58 |    20 ||   151
